 Dungeon Sprint DCSS version 0.31-a0-1458-g2f8d4710b4 (webtiles) character file.

Game seed: 5934977434295131155

2928 Groucho the Sage (level 9, -8/54 HPs)
             Began as a Deep Elf Earth Elementalist on Dec 28, 2023.
             Was a High Priest of Sif Muna.
             Mangled by a death cob (21 damage)
             ... in the Dungeon (Sprint VII: "The Pits").
             The game lasted 00:09:29 (2839 turns).

Groucho the Sage (Deep Elf Earth Elementalist)      Turns: 2839, Time: 00:09:30

Health: -8/54      AC:  3    Str:  8    XL:     9   Next: 50%
Magic:  21/21      EV: 18    Int: 25    God:    Sif Muna [*****.]
Gold:   0          SH:  0    Dex: 15    Spells: 10/22 levels left

rFire   . . .        h - +2 dagger
rCold   . . .        (no shield)
rNeg    . . .        a - +0 robe
rPois   .            (no helmet)
rElec   .            p - +0 cloak
rCorr   .            (no gloves)
SInv    .            (no boots)
Will    .....        (no amulet)
Stlth   ++++         g - +3 ring of evasion
HPRegen 0.29/turn    l - +3 ring of strength
MPRegen 0.17/turn

%: no teleportation
@: slowed, very slow
A: no striking features
a: Renounce Religion, Channel Magic, Forget Spell, Divine Exegesis


You were in the Dungeon.
You worshipped Sif Muna.
Sif Muna was extremely pleased with you.
You visited 1 branch

Inventory:

Hand Weapons
 e - a +1 dagger of venom
 h - a +2 dagger (weapon)
Armour
 a - a +0 robe (worn)
 o - a +4 scale mail
 p - a +0 cloak (worn)
Jewellery
 g - a +3 ring of evasion (left hand)
 l - a +3 ring of strength (right hand)
Scrolls
 j - 2 scrolls of vulnerability
 k - 5 scrolls of amnesia
Potions
 b - 2 potions of magic
 c - 8 potions of curing
 f - 4 potions of berserk rage
 i - a potion of invisibility
 m - a potion of might
 n - 3 potions of mutation


   Skills:
 - Level 5.0 Fighting
 - Level 5.0 Short Blades
 + Level 4.3 Armour
 - Level 7.0 Dodging
 - Level 10.0 Stealth
 - Level 7.0 Spellcasting
 + Level 10.0 Conjurations
 - Level 10.0 Earth Magic
 - Level 7.0 Alchemy
 + Level 11.0 Invocations


You had 10 spell levels left.
You knew the following spells:

 Your Spells              Type           Power      Damage    Failure   Level
a - Sandblast             Erth           100%       2d20      1%          1
b - Stone Arrow           Conj/Erth      100%       3d13      1%          3
c - Petrify               Alch/Erth      50%        N/A       1%          4
d - Brom's Barrelling Bo  Conj/Erth      56%        2d7       1%          4

Your spell library contained the following spells:

 Spells                   Type           Power      Damage    Failure   Level
 Passwall                 Erth           56%        N/A       1%          3
 Fulminant Prism          Conj/Alch      25%        3d14      1%          4
 Leda's Liquefaction      Alch/Erth      25%        N/A       1%          4
 Olgreb's Toxic Radiance  Alch           43%        N/A       3%          4
 Sticky Flame             Fire/Alch      26%        2d6       16%         4
 Yara's Violent Unravell  Hex/Alch       13%        3d7       41%         5
 Summon Cactus Giant      Summ           4%         N/A       100%        6


Dungeon Overview and Level Annotations

Branches:
Dungeon (1/1)

Altars:
Ashenzari
Cheibriados
Dithmenos
Elyvilon
Fedhas
Gozag
Hepliaklqana
Kikubaaqudgha
Makhleb
Nemelex Xobeh
Okawaru
Qazlal
Ru
Sif Muna
Trog
Uskayaw
Vehumet
Wu Jian
Xom
Yredelemnul
Zin
The Shining One
Jiyva
Lugonu


Message History

You start resting.
Something unseen opens the huge gate.
You start resting.
A death cob is nearby!
A death cob is nearby!
A death cob is nearby!
Casting: Stone Arrow (safe; 1% risk of failure)
Confirm with . or Enter, or press ? or * to list all spells.
Aiming: Stone Arrow (safe; 1% risk of failure)
Press: ? - help, Shift-Dir - straight line, f - death cob
Aim: a death cob (wandering, hasn't noticed you, 63% to hit)
The stone arrow misses the death cob.
The death cob gives a chilling moan.
The death cob misses you.
Casting: Stone Arrow (safe; 1% risk of failure)
Confirm with . or Enter, or press ? or * to list all spells.
Aiming: Petrify (dangerous; 1% risk of failure)
Press: ? - help, Shift-Dir - straight line, f/p - death cob
Aim: a death cob (chance to affect: 54%)
The death cob resists with significant effort.
The death cob completely misses you. x2
Unknown command.
Unknown command.
Unknown command.
Casting: Petrify (dangerous; 1% risk of failure)
Confirm with . or Enter, or press ? or * to list all spells.
Aiming: Petrify (dangerous; 1% risk of failure)
Press: ? - help, Shift-Dir - straight line, f/p - death cob
Aim: a death cob (chance to affect: 54%)
The death cob resists with significant effort.
The death cob completely misses you. The death cob barely misses you. x2
Unknown command.
Unknown command.
Unknown command.
You feel much better. The death cob hits you! The death cob drains your vigour!
You feel yourself slow down. The death cob hits you.
Magic courses through your body. The death cob hits you!!
* * * LOW HITPOINT WARNING * * *
The death cob barely misses you. The death cob hits you!!
You die...

________.# ________.#
______...###########++######
########'##................#
.(.')))'.##......#..#......#
########.##................+
.รท.......)'................+
#####+#####......#..#......#
#..#...'.##.....@z.........#
#..#...#.#####'#####''######
#..#####.##.......##'+#####
#..'...#.##.......##......+
#..'...'.##.......##......+
#..########...<...##.....##
#..'.)))[##.......##..z###
#.)#.).)[##.......##..##
###########.......##')#


You could see a death cob.

Vanquished Creatures
  A deep troll (D)
  Joseph (D)
  A molten gargoyle (D)
  An unseen horror (D)
  A rime drake (D)
  A hornet (D)
  Prince Ribbit (D)
  A spriggan (D)
  Duvessa (D)
  2 centaurs (D)
  3 scorpions (D)
  A necrophage (D)
  A small abomination (D)
  Dowan (D)
  A hound (D)
  A gnoll bouda (D)
  Jessica (D)
  3 gnolls (D)
  2 ufetubi (D)
  3 hobgoblins (D)
  A frilled lizard (D)
  A rat (D)
30 creatures vanquished.

Vanquished Creatures (collateral kills)
  A boulder (D)
1 creature vanquished.

Grand Total: 31 creatures vanquished

Notes
Turn   | Place    | Note
-------+----------+-------------------------------------------
     0 | D        | Groucho the Deep Elf Earth Elementalist began the quest for
                  | the Orb.
     0 | D        | Reached XP level 1. HP: 10/10 MP: 6/6
    12 | D        | Reached skill level 1 in Fighting
    12 | D        | Reached XP level 2. HP: 16/16 MP: 5/9
   174 | D        | Found a glowing golden altar of the Shining One.
   174 | D        | Found a glowing silver altar of Zin.
   174 | D        | Found a basalt altar of Yredelemnul.
   174 | D        | Found a shimmering altar of Xom.
   174 | D        | Found an ornate altar of the Wu Jian Council.
   174 | D        | Found a bloodstained altar of Trog.
   174 | D        | Found a shimmering blue altar of Sif Muna.
   174 | D        | Found a sacrificial altar of Ru.
   174 | D        | Found a stormy altar of Qazlal.
   174 | D        | Found an iron altar of Okawaru.
   174 | D        | Found a sparkling altar of Nemelex Xobeh.
   174 | D        | Found a burning altar of Makhleb.
   174 | D        | Found a viscous altar of Jiyva.
   174 | D        | Found a hazy altar of Hepliaklqana.
   174 | D        | Found an opulent altar of Gozag.
   174 | D        | Found a blossoming altar of Fedhas.
   174 | D        | Found a white marble altar of Elyvilon.
   174 | D        | Found a shadowy altar of Dithmenos.
   174 | D        | Found a snail-covered altar of Cheibriados.
   175 | D        | Found a radiant altar of Vehumet.
   175 | D        | Found a corrupted altar of Lugonu.
   176 | D        | Found an ancient bone altar of Kikubaaqudgha.
   176 | D        | Found a hide-covered altar of Uskayaw.
   176 | D        | Found a broken altar of Ashenzari.
   177 | D        | Became a worshipper of Sif Muna the Loreminder
   185 | D        | Noticed a scorpion
   227 | D        | Killed a scorpion
   228 | D        | Reached skill level 5 in Spellcasting
   228 | D        | Reached skill level 3 in Invocations
   228 | D        | Reached XP level 3. HP: 15/21 MP: 6/12
   228 | D        | Reached XP level 4. HP: 19/26 MP: 6/13
   232 | D        | Learned a level 3 spell: Stone Arrow
   399 | D        | Reached * piety under Sif Muna
   425 | D        | Noticed a scorpion
   429 | D        | Killed a scorpion
   429 | D        | Reached ** piety under Sif Muna
   430 | D        | Reached skill level 4 in Invocations
   430 | D        | Reached XP level 5. HP: 30/30 MP: 3/16
   911 | D        | Noticed Jessica
   912 | D        | Killed Jessica
   914 | D        | Reached skill level 5 in Invocations
   968 | D        | Reached skill level 10 in Earth Magic
   968 | D        | Reached skill level 6 in Invocations
   968 | D        | Reached XP level 6. HP: 35/35 MP: 7/18
  1142 | D        | Noticed Prince Ribbit
  1156 | D        | Reached *** piety under Sif Muna
  1157 | D        | Reached skill level 1 in Short Blades
  1157 | D        | Reached skill level 5 in Conjurations
  1161 | D        | Killed Prince Ribbit
  1162 | D        | Reached skill level 5 in Dodging
  1162 | D        | Reached skill level 5 in Stealth
  1162 | D        | Reached skill level 7 in Invocations
  1162 | D        | Reached XP level 7. HP: 37/41 MP: 1/19
  1286 | D        | Learned a level 4 spell: Petrify
  1291 | D        | Learned a level 4 spell: Brom's Barrelling Boulder
  1310 | D        | Reached **** piety under Sif Muna
  1430 | D        | Noticed a molten gargoyle
  1433 | D        | Killed a molten gargoyle
  1434 | D        | Reached skill level 8 in Invocations
  1694 | D        | Reached ***** piety under Sif Muna
  2145 | D        | Noticed Duvessa
  2145 | D        | Noticed Dowan
  2145 | D        | Noticed Joseph
  2146 | D        | Killed Dowan
  2147 | D        | Reached XP level 8. HP: 48/48 MP: 16/20
  2167 | D        | Killed Duvessa
  2272 | D        | Killed Joseph
  2273 | D        | Reached skill level 5 in Fighting
  2273 | D        | Reached skill level 5 in Short Blades
  2273 | D        | Reached skill level 5 in Alchemy
  2277 | D        | Received a gift from Sif Muna
  2278 | D        | Got Sif Muna's Spellbook of the Scorpion and the Gang {god
                  | gift}
  2442 | D        | Noticed a deep troll
  2470 | D        | Killed an unseen horror
  2471 | D        | Reached skill level 1 in Armour
  2471 | D        | Reached skill level 9 in Invocations
  2473 | D        | Killed a deep troll
  2474 | D        | Reached XP level 9. HP: 26/54 MP: 1/21
  2793 | D        | Noticed a rime drake
  2797 | D        | Noticed a spriggan rider
  2798 | D        | Killed a rime drake
  2799 | D        | Reached skill level 10 in Stealth
  2799 | D        | Reached skill level 10 in Invocations
  2799 | D        | HP: 2/54 [spriggan rider/+0 spear (24)]
  2802 | D        | Noticed a death cob
  2810 | D        | Reached skill level 10 in Conjurations
  2810 | D        | Reached skill level 11 in Invocations
  2839 | D        | Mangled by a death cob

Illustrated notes

Levels and vault maps discovered:
D:        pitsprint [storerooms_1, entrance_room_1, metal_vault_4, armoury_1,
          mini_pit_1, grid_room_1, main_hall_1, silver_pit, the_coven_3,
          the_vestibule_1, steel_vault_2, golden_pit, hallway_of_sentries,
          crystal_vault_2, iron_vault_2, final_vault]

Skill      XL: |  1  2  3  4  5  6  7  8  9 |
---------------+----------------------------+-----
Fighting       | 1 2 3 4 5 |  5.0
Spellcasting   | 4 5 6 7 |  7.0
Earth Magic    | 4 6 8 10 | 10.0
Invocations    | 3 4 6 7 8 9 11 | 11.0
Conjurations   | 2 4 6 7 9 10 | 10.0
Short Blades   | 3 4 5 |  5.0
Dodging        | 5 6 7 |  7.0
Stealth        | 5 6 9 10 | 10.0
Alchemy        | 3 6 7 |  7.0
Armour         | 3 4 |  4.3

Action                     |  1- 3 |  4- 6 |  7- 9 || total
---------------------------+-------+-------+-------++-------
   Cast: Sandblast         |     9 |     4 |     3 ||    16
         Stone Arrow       |       |    14 |    41 ||    55
         Petrify           |       |       |     5 ||     5
         Brom's Barrelling |       |       |     1 ||     1
    Use: Potion            |     1 |     4 |    10 ||    15
         Scroll            |       |     1 |     1 ||     2
 Armour: Robe              |     3 |     7 |    31 ||    41
  Dodge: Dodged            |     6 |    10 |    28 ||    44

Table legend: (Time is in decaauts)
 A = Elapsed time spent in this place.
 B = Non-inter-level travel time spent in this place.
 C = Inter-level travel time spent in this place.
 D = Time resting spent in this place.
 E = Time spent auto-exploring this place.
 F = Levels seen in this place.
 G = Mean time per level.
                   A        B        C        D        E       F      G
               +--------+--------+--------+--------+--------+-----+--------+
         Total |   2825 |   2767 |     58 |   2281 |      0 |   1 | 2825.0 |
       Dungeon |   2825 |   2767 |     58 |   2281 |      0 |   1 | 2825.0 |
               +--------+--------+--------+--------+--------+-----+--------+

Top non-repeatable levels by time:
       D: 2825 daAuts
